 Dungeon Crawl Stone Soup version 0.29-a0-561-ga02bf68b3c (webtiles) character file.

Game seed: 2238700270495925529

242 vdjfv the Vexing (level 5, -1/24 HPs)
             Began as a Spriggan Enchanter on June 11, 2022.
             Slain by an endoplasm (3 damage)
             ... on level 4 of the Dungeon.
             The game lasted 00:06:48 (4292 turns).

vdjfv the Vexing (Spriggan Enchanter)               Turns: 4292, Time: 00:06:49

Health: -1/24      AC:  2    Str:  6    XL:     5   Next: 82%
Magic:  11/13      EV: 21    Int: 17    God:
Gold:   175        SH:  0    Dex: 15    Spells: 6/14 levels left

rFire   . . .      SeeInvis +   a - +2 dagger
rCold   . . .      Faith    .   (no shield)
rNeg    . . .      Spirit   .   b - +0 robe
rPois   .          Reflect  .   (helmet restricted)
rElec   .          Harm     .   h - scarf {repulsion}
rCorr   .          Rampage  .   (gloves unavailable)
Will    .....                   (boots unavailable)
Stlth   +++.......              (no amulet)
HPRegen 0.08/turn               k - +4 ring of evasion
MPRegen 0.13/turn               (no ring)

@: invisible, repel missiles, very quick
A: very small, no large weapons, unfitting armour, see invisible, speed 3
a: no special abilities


You were on level 4 of the Dungeon.
You visited 1 branch of the dungeon, and saw 4 of its levels.

You collected 175 gold pieces.

Inventory:

Hand Weapons
 a - a +2 dagger (weapon)
Armour
 b - a +0 robe (worn)
 h - a scarf of repulsion (worn)
Jewellery
 k - a +4 ring of evasion (left hand)
Scrolls
 m - 2 scrolls of teleportation
Potions
 c - a potion of invisibility
 d - a potion of cancellation {unknown}
 e - a potion of lignification
 f - a potion of curing {unknown}
 g - a potion of heal wounds {unknown}
 i - a potion of might {unknown}
 j - a potion of flight {unknown}
 l - a potion of brilliance


   Skills:
 - Level 1.1 Short Blades
 - Level 2.6 Dodging
 + Level 5.2 Stealth
 + Level 5.4 Spellcasting
 + Level 6.0 Hexes


You had 6 spell levels left.
You knew the following spells:

 Your Spells              Type           Power      Damage    Failure   Level
a - Ensorcelled Hibernat  Hex/Ice        28%        N/A       6%          2
b - Tukima's Dance        Hex            25%        N/A       3%          3
d - Confusing Touch       Hex            25%        N/A       3%          3

Your spell library contained the following spells:

 Spells                   Type           Power      Damage    Failure   Level
 Dazzling Flash           Conj/Hex       28%        N/A       12%         3
 Frozen Ramparts          Ice            8%         1d2       38%         3
 Ice Form                 Ice/Tmut       4%         N/A       80%         4
 Summon Ice Beast         Ice/Summ       4%         N/A       80%         4


Dungeon Overview and Level Annotations

Branches:
Dungeon (4/15)
 Temple: D:4-7

Altars:

Annotations:
D:2 Natasha


Innate Abilities, Weirdness & Mutations

You are very small and have problems with some larger weapons.
You are too small for most types of armour.
You have supernaturally acute eyesight. (SInv)
You cover ground extremely quickly. (Speed+++)


Message History

The ufetubus hits you but does no damage.
The ufetubus completely misses you. The kobold misses you.
The ufetubus barely misses you. The ufetubus completely misses you.
Unknown command.
Unknown command.
You hit the kobold.
The kobold is moderately wounded.
The centaur shoots an arrow.
The arrow barely misses the ufetubus.
The arrow misses you. The kobold barely misses you. The ufetubus misses you.
The ufetubus completely misses you.
The centaur shoots an arrow.
The arrow closely misses the ufetubus.
The arrow misses you.
Unknown command.
You hit the kobold.
The kobold is heavily wounded.
The kobold hits you with a +0 dagger.
The centaur shoots an arrow.
The arrow misses you. The ufetubus misses you. The ufetubus closely misses you.
The centaur unwields a +0 shortbow.
The centaur misses you. The centaur completely misses you.
The endoplasm freezes you.
You are frozen.
You hit the centaur but do no damage. The ufetubus completely misses you.
The ufetubus barely misses you. The centaur completely misses you.
The centaur kicks you but does no damage.
The endoplasm freezes you.
You are frozen.
Unknown command.
Casting: Ensorcelled Hibernation (safe; 6% risk of failure)
Confirm with . or Enter, or press ? or * to list all spells.
Aiming: Ensorcelled Hibernation (safe; 6% risk of failure)
Press: ? - help, Shift-Dir - straight line, f - centaur
Aim: a centaur (can't see you, chance to affect: 48%)
The centaur resists with some effort.
The ufetubus completely misses you. The ufetubus misses you.
The centaur hits you.
* * * LOW HITPOINT WARNING * * *
The centaur completely misses you. The ufetubus closely misses you.
The ufetubus misses you. The centaur hits you.
* * * LOW HITPOINT WARNING * * *
The centaur completely misses you. The endoplasm hits you.
You die...

#....†.# #...#
#####.###.#### ###.#
...<..##.....#####.##
###...........#.....#
#...#...............# ##
....................#...
#.###.....#...#...#...#
.. ##.....###.....###..
.# #.....# #.#@#.# # .
##....# +KJ5c.+
....#...#####...
#........ .#... ..... ##
..... .#..


You could see a centaur (can't see you), an ufetubus (can't see you), an
endoplasm and a kobold (can't see you).

Vanquished Creatures
  A phantom (D:4)
  An orc priest (D:3)
  An orc wizard (D:3)
  3 adders
  2 worms
  4 dart slugs
  5 orcs (D:3)
  4 endoplasms
  3 giant cockroaches
  5 goblins
  7 hobgoblins
  3 jackals (D:3)
  11 kobolds
  3 quokkas
  4 ball pythons
  3 bats
  6 frilled lizards
  4 rats
70 creatures vanquished.

Vanquished Creatures (collateral kills)
  An orc (D:3)
1 creature vanquished.

Vanquished Creatures (others)
  13 plants (D:1)
  15 withered plants (D:2)
28 creatures vanquished.

Grand Total: 99 creatures vanquished

Notes
Turn   | Place    | Note
-------+----------+-------------------------------------------
     0 | D:1      | vdjfv the Spriggan Enchanter began the quest for the Orb.
     0 | D:1      | Reached XP level 1. HP: 9/9 MP: 5/5
   114 | D:1      | Reached skill level 4 in Hexes
   299 | D:1      | Reached XP level 2. HP: 11/13 MP: 7/7
   302 | D:1      | Learned a level 2 spell: Ensorcelled Hibernation
  1345 | D:1      | Reached XP level 3. HP: 14/16 MP: 9/9
  1349 | D:1      | Learned a level 3 spell: Tukima's Dance
  1353 | D:1      | Learned a level 3 spell: Confusing Touch
  1741 | D:2      | Found a faded altar of an unknown god.
  2558 | D:2      | Noticed Natasha
  2559 | D:2      | Found the +4 dagger "Morg" {pain, Will+ Int+5}
  3113 | D:3      | Reached skill level 5 in Hexes
  3113 | D:3      | Reached XP level 4. HP: 18/21 MP: 5/11
  3436 | D:3      | Reached XP level 5. HP: 24/24 MP: 5/13
  3442 | D:3      | Reached skill level 5 in Spellcasting
  3960 | D:4      | Noticed a phantom
  3976 | D:4      | Killed a phantom
  3977 | D:4      | Reached skill level 5 in Stealth
  4257 | D:4      | Reached skill level 6 in Hexes
  4284 | D:4      | Noticed a centaur
  4292 | D:4      | Slain by an endoplasm

Illustrated notes

Levels and vault maps discovered:
D:1:      nicolae_arrival_somewhat_less_tricky_arrival, layout_loops_cross,
          lexackson_kobold_supper
D:2:      layout_rooms, dreamdust_ecumenical_altar_statues,
          dilly_guarded_unrand_morg
D:3:      layout_loops_cross
D:4:      layout_rooms, kennysheep_mini_moat, minmay_fractal_squares_diagonal_5

Skill      XL: |  1  2  3  4  5 |
---------------+----------------+-----
Spellcasting   | 3 4 5 |  5.4
Hexes          | 4 5 6 |  6.0
Stealth        | 5 |  5.2
Short Blades   | |  1.1
Dodging        | |  2.6

Action                   |  1- 3 |  4- 6 || total
-------------------------+-------+-------++-------
Melee: Dagger            |   190 |    94 ||   284
       Punch             |     2 |     1 ||     3
 Cast: Ensorcelled Hiber |    10 |     9 ||    19
       Confusing Touch   |     1 |     1 ||     2
       Tukima's Dance    |       |     1 ||     1
  Use: Scroll            |     8 |     1 ||     9
       Potion            |     3 |     1 ||     4
 Stab: Sleeping          |     9 |     7 ||    16
       Confused          |     1 |     1 ||     2
Armor: Robe              |    17 |     9 ||    26
       Skin              |     2 |       ||     2
Dodge: Dodged            |   140 |   113 ||   253
       Repelled          |     1 |     2 ||     3

Table legend: (Time is in decaauts)
 A = Elapsed time spent in this place.
 B = Non-inter-level travel time spent in this place.
 C = Inter-level travel time spent in this place.
 D = Time resting spent in this place.
 E = Time spent auto-exploring this place.
 F = Levels seen in this place.
 G = Mean time per level.
                   A        B        C        D        E       F      G
               +--------+--------+--------+--------+--------+-----+--------+
         Total |   3437 |   3346 |     91 |    557 |   2140 |   4 |  859.2 |
       Dungeon |   3437 |   3346 |     91 |    557 |   2140 |   4 |  859.2 |
               +--------+--------+--------+--------+--------+-----+--------+

Top non-repeatable levels by time:
     D:1: 1255 daAuts
     D:3: 1090 daAuts
     D:2: 788 daAuts
     D:4: 302 daAuts
